 Dungeon Crawl Stone Soup version 0.31-a0-867-g9b2fd80f0c (webtiles) character file.

Game seed: 12562941148485914429

212 IcyTea the Changeling (level 5, -2/22 HPs)
             Began as a Felid Shapeshifter on Oct 11, 2023.
             Slain by a bullfrog (7 damage)
             ... in a sewer.
             The game lasted 00:08:20 (1755 turns).

IcyTea the Changeling (Felid Shapeshifter)          Turns: 1755, Time: 00:08:20

Health: -2/22      AC:  1    Str: 12    XL:     5   Next: 58%
Magic:  6/6        EV: 17    Int: 11    God:
Gold:   70         SH:  0    Dex: 16    Spells: 4/4 levels left
                                        Lives:  0   Deaths: 2

rFire   . .          .
                       - Unarmed
rCold   . . .        (shield unavailable)
rNeg    . . .        (body armour unavailable)
rPois   .            (helmet unavailable)
rElec   .            (cloak unavailable)
rCorr   .            (gloves unavailable)
SInv    +            (boots unavailable)
Will    .....        (no amulet)
Stlth   +            (no ring)
HPRegen 0.23/turn    (no ring)
MPRegen 0.10/turn

%: no passive effects
@: beast-form, very slow
A: beast (slay +3), very small, claws 1, fangs 3, see invisible, speed 1, shaggy
fur 1, stealthy paws, no weapons or thrown items, no armour, multi-lived
a: Begin Untransformation


You were in a sewer.
You were a hulking beast.
You visited 1 branch of the dungeon, and saw 3 of its levels.
You also visited: Sewer.

You collected 70 gold pieces.

Inventory:

Talismans
 b - a beast talisman (active)
 c - a flux talisman
Scrolls
 d - a scroll of torment {unknown}
 f - 2 scrolls of revelation
 g - 2 scrolls of fear {unknown}
 k - a scroll of teleportation
 l - a scroll of amnesia {unknown}
Potions
 a - a potion of lignification
 e - a potion of haste
 i - a potion of curing
 j - a potion of might {unknown}
 m - a potion of heal wounds {unknown}
 n - a potion of invisibility {unknown}
 o - a potion of brilliance {unknown}


   Skills:
 - Level 1.0 Fighting
 - Level 2.6 Dodging
 - Level 3.0 Unarmed Combat
 + Level 6.5 Shapeshifting


You had 4 spell levels left.
You didn't know any spells.
Your spell library was empty.

Dungeon Overview and Level Annotations

Branches:
Dungeon (3/15)              Sewer (1/1)

Altars:

Shops:
D:1 !?

Annotations:
D:2 Sigmund


Innate Abilities, Weirdness & Mutations

You are a hulking beast.
Your limbs bulge with bestial killing power. (Slay +3)
You have sharp claws.
You have razor-sharp teeth.
You have supernaturally acute eyesight. (SInv)
You cover ground quickly. (Speed+)
You are covered in fur. (AC +1)
Your paws help you pounce on unaware monsters.
You are incapable of wielding weapons or throwing items.
You cannot wear armour.
You gain extra lives every three experience levels.


Message History

A bullfrog comes into view.
A ball python comes into view.
The ball python bites you but does no damage.
The ball python closely misses you.
A bullfrog comes into view.
The ball python barely misses you. The ball python completely misses you.
The ball python moves out of view.
The bullfrog gives a loud, deep croak! x2
The ball python misses you. The ball python barely misses you. x2
The ball python grabs you. The ball python constricts you.
You escape the ball python's grasp.
The ball python misses you. The ball python completely misses you.
The ball python closely misses you. x2
Your unstable footing causes you to fumble your attack.
The ball python misses you. The ball python completely misses you.
The ball python barely misses you. The ball python closely misses you.
The bullfrog attacks as it pursues you! The bullfrog barely misses you.
The ball python attacks as it pursues you!
The ball python misses you. The ball python barely misses you.
The ball python bites you. The ball python closely misses you.
The bullfrog hits you. The adder closely misses you. The bullfrog misses you.
The ball python closely misses you. The ball python grabs you.
The ball python constricts you. The ball python closely misses you.
The bullfrog completely misses you. The ball python loses its grip on you.
You scratch the ball python.
You kill the ball python!
The bullfrog hits you!
* * * LOW HITPOINT WARNING * * *
The ball python closely misses you. The ball python misses you.
The bullfrog hits you.
* * * LOW HITPOINT WARNING * * *
The ball python bites you but does no damage.
The ball python grabs you. The ball python constricts you.
You escape the ball python's grasp.
The adder closely misses you. The bullfrog barely misses you.
The ball python completely misses you. The ball python misses you.
The adder barely misses you. The ball python misses you.
The ball python barely misses you.
The ball python bites you but does no damage.
The ball python closely misses you. The bullfrog attacks as it pursues you!
The bullfrog hits you!
You die...

#~≈~~≈≈# #≈~≈≈≈≈
#≈≈≈~~≈# #~~~≈≈≈
#≈~~~~≈# #≈≈~~~≈
#≈#~~≈≈# #≈~≈~~≈
#≈~≈≈≈≈# #≈≈≈≈≈~
#SSF≈≈≈# #≈≈~≈~~
#~SS≈≈≈# ##..~~#
#SFS~≈≈# #≈~[).~
#~#h≈≈≈# #≈.~.~≈
#≈~~~~≈# #~~≈≈≈≈
#≈~~~~≈# #~≈≈≈≈≈
#≈≈~~≈≈# #††~≈~≈
#~≈~~~≈# #≈≈~~≈≈
#≈~≈~~≈##### #≈≈≈~~~
#.~.~..##..# #.~†~..
#......##..###.†....
##......##'##......#


You could see 2 bullfrogs, an adder and 5 ball pythons.

Vanquished Creatures
  9 adders
  6 river rats
  A worm (D:3)
  A dart slug (D:1)
  5 endoplasms
  2 giant cockroaches (D:3)
  6 goblins
  5 hobgoblins
  3 jackals (D:1)
  A quokka (D:2)
  11 ball pythons
  7 kobolds
  24 rats
81 creatures vanquished.

Notes
Turn   | Place    | Note
-------+----------+-------------------------------------------
     0 | D:1      | IcyTea the Felid Shapeshifter began the quest for the Orb.
     0 | D:1      | Reached XP level 1. HP: 9/9 MP: 2/2
   144 | D:1      | Reached XP level 2. HP: 10/12 MP: 3/3
   221 | D:1      | Reached skill level 4 in Shapeshifting
   348 | D:1      | Found Qomaeth's Distillery.
   595 | D:1      | Found Quodium's Magic Scroll Shop.
   725 | D:1      | Reached XP level 3. HP: 15/15 MP: 4/4
   923 | D:2      | Found a faded altar of an unknown god.
  1046 | D:2      | Noticed Sigmund
  1175 | D:3      | Reached skill level 5 in Shapeshifting
  1219 | D:3      | Reached XP level 4. HP: 19/19 MP: 5/5
  1252 | D:3      | Found a glowing drain.
  1260 | Sewer    | Entered a sewer
  1415 | Sewer    | Slain by a river rat
  1435 | Sewer    | Reached XP level 5. HP: 14/22 MP: 6/6
  1455 | Sewer    | Reached skill level 6 in Shapeshifting
  1463 | Sewer    | Slain by a river rat
  1755 | Sewer    | Slain by a bullfrog

Illustrated notes

Levels and vault maps discovered:
D:1:      evilmike_arrival_crescent, layout_loops_ring, serial_shops,
          nicolae_shop_behind_doors, nicolae_shop_back_alley_shop
D:2:      layout_basic, dreamdust_ecumenical_altar_statues,
          minmay_misc_feat_plants, uniq_sigmund
D:3:      layout_loops_ring, portal_sewer_entry_e, kennysheep_flooded_box
Sewer:    sewer_minmay_w

Skill      XL: |  1  2  3  4  5 |
---------------+----------------+-----
Shapeshifting  | 4 5 6 |  6.5
Fighting       | |  1.0
Dodging        | |  2.6
Unarmed Combat | |  3.0

Action                     |  1- 3 |  4- 6 || total
---------------------------+-------+-------++-------
  Melee: Unarmed           |    87 |   128 ||   215
         Bite              |     6 |     9 ||    15
         Punch             |     1 |     3 ||     4
    Use: Scroll            |       |     3 ||     3
         Potion            |       |     1 ||     1
   Stab: Sleeping          |     4 |     1 ||     5
 Armour: Skin              |    20 |    48 ||    68
  Dodge: Dodged            |    54 |   153 ||   207

Table legend: (Time is in decaauts)
 A = Elapsed time spent in this place.
 B = Non-inter-level travel time spent in this place.
 C = Inter-level travel time spent in this place.
 D = Time resting spent in this place.
 E = Time spent auto-exploring this place.
 F = Levels seen in this place.
 G = Mean time per level.
                   A        B        C        D        E       F      G
               +--------+--------+--------+--------+--------+-----+--------+
         Total |   1572 |   1572 |      0 |    288 |    498 |   4 |  393.0 |
       Dungeon |   1072 |   1072 |      0 |    135 |    496 |   3 |  357.3 |
         Sewer |    499 |    499 |      0 |    153 |      2 |   1 |  499.0 |
               +--------+--------+--------+--------+--------+-----+--------+

Top non-repeatable levels by time:
     D:1: 701 daAuts
   Sewer: 499 daAuts
     D:2: 200 daAuts
     D:3: 171 daAuts
